 Dungeon Crawl Stone Soup version 0.30.1-9-gdf580d7c3d (webtiles) character file.

Game seed: 16501782109482504329

695 fireball365 the Cleaver (level 7, 0/59 HPs)
             Began as a Hill Orc Fighter on Oct 8, 2023.
             Slain by an ogre
             ... wielding a +0 giant club
              (13 damage)
             ... on level 5 of the Dungeon.
             The game lasted 00:06:37 (3404 turns).

fireball365 the Cleaver (Hill Orc Fighter)          Turns: 3404, Time: 00:06:38

Health: 0/59       AC: 15    Str: 21    XL:     7   Next: 64%
Magic:  0/16       EV: 11    Int:  8    God:
Gold:   173        SH:  4    Dex: 10    Spells: 6/6 levels left

rFire   . . .        a - +1 war axe
rCold   . . .        c - +0 buckler
rNeg    . . .        B - +0 plate armour
rPois   .            (no helmet)
rElec   .            (no cloak)
rCorr   .            (no gloves)
SInv    .            e - +2 pair of boots
Will    .....        s - amulet of guardian spirit Stlth
                     h - +5 ring of evasion
HPRegen 0.29/turn    u - ring of magical power
MPRegen 0.15/turn

%: guardian spirit
@: no status effects
A: no striking features
a: no special abilities


You were on level 5 of the Dungeon.
You visited 2 branches of the dungeon, and saw 8 of its levels.

You collected 173 gold pieces.

Inventory:

Hand Weapons
 a - a +1 war axe (weapon)
Missiles
 k - 4 poisoned darts (quivered)
 l - 2 boomerangs
 y - 4 curare-tipped darts
Armour
 b - a +0 scale mail
 c - a +0 buckler (worn)
 e - a +2 pair of boots (worn)
 q - an orb of wrath
 B - a +0 plate armour (worn)
Jewellery
 h - a +5 ring of evasion (left hand)
 s - an amulet of guardian spirit (around neck)
 u - a ring of magical power (right hand)
Wands
 p - a wand of polymorph (10)
 v - a wand of charming (2)
Scrolls
 f - a scroll of amnesia {unknown}
 g - 2 scrolls of vulnerability
 i - a scroll of blinking {unknown}
 t - a scroll of enchant weapon
 w - a scroll of teleportation
 x - 5 scrolls of identify {unknown}
 z - 2 scrolls of magic mapping {unknown}
 A - a scroll of noise {unknown}
Potions
 d - a potion of might
 j - a potion of invisibility {unknown}
 m - a potion of degeneration {unknown}
 n - a potion of magic {unknown}
 o - a potion of brilliance {unknown}
 r - 2 potions of mutation {unknown}


   Skills:
 - Level 4.0 Fighting
 + Level 8.4 Axes
 + Level 4.7 Armour
 + Level 1.9 Dodging
 + Level 0.3 Stealth
 + Level 4.5 Shields


You had 6 spell levels left.
You didn't know any spells.
Your spell library was empty.

Dungeon Overview and Level Annotations

Branches:
Dungeon (7/15)             Temple (1/1) D:4

Altars:
Elyvilon
Fedhas
Hepliaklqana
Kikubaaqudgha
Sif Muna
Wu Jian
Yredelemnul
Zin
The Shining One


Message History

You feel sick.
You are no longer poisoned.
x - 5 scrolls labelled CIX ZAHOYSTI (gained 1)
You now have 161 gold pieces (gained 8).
You now have 173 gold pieces (gained 12).
There is a stone staircase leading down here.
There is a stone staircase leading up here.
You climb upwards.
Found a fuming golden potion.
Found a stone staircase leading up.
There is a stone staircase leading down here.
An ogre comes into view. It is wielding a +0 giant club.
The ogre shouts!
You hear an angry hiss.
An ogre comes into view. It is wielding a +0 giant club.
The ogre shouts!
The ogre barely misses you. The ogre closely misses you.
Found 13 gold pieces.
The ogre closely misses you. The ogre attacks as you move away!
The ogre hits you with a +0 giant club.
Found a stone staircase leading up.
The ogre hits you with a +0 giant club! The ogre attacks as you move away!
The ogre hits you with a +0 giant club. The ogre hits you with a +0 giant club!
You slash the ogre!
The ogre is moderately wounded.
The ogre hits you with a +0 giant club!
You hit the ogre.
The ogre is heavily wounded.
You slash the ogre!
The ogre is severely wounded.
The ogre barely misses you.
You hit the ogre.
The ogre is almost dead.
The ogre hits you with a +0 giant club!
* * * LOW HITPOINT WARNING * * *
You hit the ogre.
You kill the ogre!
You hit the ogre.
The ogre is lightly wounded.
The ogre hits you with a +0 giant club!
You die...

#.#......####.#
#......#........
##....##.###.....
#..!.....# ####
#..#..###.# #.##..#
.######### ##
#..#####~b~~.~.#
#......#######~#
#.......O@...#l#
#..$..###.#####.#.#
#.#..## ###P.~#.#.#
#.... ###~#.#~#
#.... #~#.#.# #..##
###.### #.# ... #.
##.


You could see an ogre, a bat and a frilled lizard.

Vanquished Creatures
  An ice beast (D:6)
  An ogre (D:5)
  A scorpion (D:6)
  A jelly (D:4)
  A hound (D:6)
  An orc priest (D:7)
  2 gnoll boudas (D:4)
  A sleepcap (D:6)
  Ijyb (D:4)
  2 orc wizards
  7 gnolls
  6 adders
  A shadow imp (D:4)
  2 dart slugs
  11 orcs
  6 endoplasms
  4 giant cockroaches
  4 goblins
  2 hobgoblins (D:1)
  3 jackals (D:2)
  4 quokkas
  8 ball pythons
  4 bats
  4 frilled lizards
  3 kobolds
  2 rats (D:1)
83 creatures vanquished.

Notes
Turn   | Place    | Note
-------+----------+-------------------------------------------
     0 | D:1      | fireball365 the Hill Orc Fighter began the quest for the
                  | Orb.
     0 | D:1      | Reached XP level 1. HP: 19/19 MP: 1/1
   117 | D:1      | Reached XP level 2. HP: 19/27 MP: 2/2
   537 | D:1      | Reached skill level 3 in Axes
   703 | D:2      | Reached XP level 3. HP: 33/33 MP: 3/3
  1200 | D:2      | Reached skill level 4 in Axes
  1200 | D:2      | Reached XP level 4. HP: 40/40 MP: 4/4
  1435 | D:3      | Found an ornate altar of the Wu Jian Council.
  1645 | D:3      | Reached skill level 5 in Axes
  2198 | D:3      | Reached XP level 5. HP: 46/46 MP: 5/5
  2407 | D:4      | Noticed Ijyb
  2462 | D:4      | Killed Ijyb
  2520 | D:4      | Reached skill level 6 in Axes
  2576 | D:4      | Reached XP level 6. HP: 52/52 MP: 6/6
  2602 | D:4      | Reached skill level 1 in Dodging
  2618 | D:4      | Found a staircase to the Ecumenical Temple.
  2637 | Temple   | Entered the Ecumenical Temple
  3124 | D:4      | You fall into a shaft and drop 3 floors!
  3320 | D:6      | Reached skill level 7 in Axes
  3320 | D:6      | Noticed an ice beast
  3325 | D:6      | Reached XP level 7. HP: 59/59 MP: 7/7
  3331 | D:6      | Reached skill level 8 in Axes
  3373 | D:5      | Entered Level 5 of the Dungeon
  3404 | D:5      | Slain by an ogre

Illustrated notes

Levels and vault maps discovered:
D:1:      dpeg_arrival_renting, layout_rooms, patterned_corridor
D:2:      layout_loops_cross
D:3:      layout_basic, mainiacjoe_overflow_surrounded_room
D:4:      layout_basic, minmay_temple_entry_junction_2, dreamdust_wishing_well,
          uniq_ijyb
D:5:      layout_rooms, evilmike_ruin_ashenzari, nicolae_overflow_hidden_temple,
          gammafunk_ghost_arena, serial_aquarium, aquarium_bridge_long_separate
          [aquarium_subvault_bridge, aquarium_subvault_wall,
          aquarium_subvault_balcony, aquarium_subvault_bridge,
          aquarium_subvault_bridge, aquarium_subvault_wall],
          aquarium_bridge_straight [aquarium_subvault_bridge,
          aquarium_subvault_balcony, aquarium_subvault_bridge,
          aquarium_subvault_balcony], aquarium_window_corner,
          aquarium_window_fake, aquarium_view_2c, aquarium_balcony_1a,
          minmay_manual_mail
D:6:      layout_loops_cross, general_overflow_altar, uniq_edmund, uniq_duvessa
D:7:      nicolae_BIG_FREAKIN_CUBE, layout_layer_cave,
          lemuel_coloured_pillars_altar, mainiacjoe_overflow_paths,
          abandoned_shop, grunt_ministairs_5
Temple:   hellmonk_temple_micro_hex

Skill      XL: |  1  2  3  4  5  6  7 |
---------------+----------------------+-----
Fighting       | 4 |  4.0
Axes           | 3 4 5 6 7 8 |  8.4
Shields        | 4 |  4.5
Armour         | 4 |  4.7
Dodging        | 1 |  1.9
Stealth        | |  0.3

Action                     |  1- 3 |  4- 6 |  7- 9 || total
---------------------------+-------+-------+-------++-------
  Melee: War axe           |   100 |   153 |    12 ||   265
    Use: Scroll            |     2 |     1 |       ||     3
 Armour: Scale mail        |    70 |    59 |       ||   129
         Plate armour      |       |    14 |     3 ||    17
  Dodge: Dodged            |    70 |   147 |     4 ||   221
  Block: Buckler           |    32 |    55 |       ||    87
